BR (22 & UNDER)
HARTFORD DARTH WHALERS @ ROY EAGLE SQUADRON
09/18/2029
 
TOP OF THE 1ST
Hartford Darth Whalers batting - Pitching for Roy Eagle Squadron : RHP John Ashe
Pitching: RHP John Ashe
Batting: LHB Ryan Billman 0-0: SINGLE (Groundball, 13) (infield hit)
Batting: RHB Ryan Thrippleton 0-0: Ball
Ryan Billman is caught stealing 2nd base
1-0: Ball
2-0: Called Strike
2-1: Ball
3-1: Fly out, F3 (Popup, 3)
Batting: LHB Steve Woods 0-0: Ball
1-0: Fly out, F7 (Flyball, 7LS)
Top of the 1st over - 0 runs, 1 hit, 0 errors, 0 left on base; Hartford 0 - Roy 0
BOTTOM OF THE 1ST
Roy Eagle Squadron batting - Pitching for Hartford Darth Whalers : RHP Lorenzo Hernández
Pitching: RHP Lorenzo Hernández
Batting: RHB Kevin Hale 0-0: Ball
1-0: Foul Ball, location: 2F
1-1: Ground out 6-3 (Groundball, 6)
Batting: RHB Carl Curry 0-0: Called Strike
0-1: Foul Ball, location: 2F
0-2: Ball
1-2: SINGLE (Groundball, 4) (infield hit)
Pinch Runner at 1st Ed Lindsey:
Batting: LHB Cisco Villanueva 0-0: Called Strike
0-1: Ball
1-1: Ball
2-1: Ball
3-1: Base on Balls
Ed Lindsey to second
Batting: LHB Octávio Otero 0-0: Called Strike
0-1: Ball
1-1: Foul Ball, location: 2F
1-2: Strikes out swinging
Batting: RHB Gabriel Byram 0-0: Called Strike
0-1: Ball
1-1: Swinging Strike
1-2: Ball
2-2: Fielders Choice at 2nd, U4 (Groundball, 4M)
Bottom of the 1st over - 0 runs, 1 hit, 0 errors, 2 left on base; Hartford 0 - Roy 0
TOP OF THE 2ND
Hartford Darth Whalers batting - Pitching for Roy Eagle Squadron : RHP John Ashe
Now at 2B: Ed Lindsey
Batting: LHB Bill Poe 0-0: DOUBLE (Line Drive, 7LM)
Batting: LHB Timothy Pierce 0-0: Called Strike
0-1: Foul Ball, location: 2F
0-2: Ball
1-2: Foul Ball, location: 2F
1-2: Strikes out swinging
Batting: LHB Alejandro Gómez 0-0: Swinging Strike
0-1: Called Strike
0-2: Ball
1-2: Strikes out looking
Batting: RHB Gilbert Nava 0-0: Fly out, F6 (Line Drive, 6MD)
Top of the 2nd over - 0 runs, 1 hit, 0 errors, 1 left on base; Hartford 0 - Roy 0
BOTTOM OF THE 2ND
Roy Eagle Squadron batting - Pitching for Hartford Darth Whalers : RHP Lorenzo Hernández
Batting: LHB Larry Bradley 0-0: Ball
1-0: Ball
2-0: Called Strike
2-1: Ground out 6-3 (Groundball, 6)
Batting: LHB Robinson González 0-0: Called Strike
0-1: Ground out 4-3 (Groundball, 4)
Batting: SHB Allen King 0-0: Ball
1-0: Reached on error, E1 (Groundball, 15S)
Batting: RHB Ryan Campbell 0-0: Ball
1-0: Fielders Choice at 2nd, 6-4 (Groundball, 6)
Bottom of the 2nd over - 0 runs, 0 hits, 1 error, 1 left on base; Hartford 0 - Roy 0
TOP OF THE 3RD
Hartford Darth Whalers batting - Pitching for Roy Eagle Squadron : RHP John Ashe
Batting: RHB Justin López 0-0: Fly out, F7 (Flyball, 7)
Batting: SHB Will Davies 0-0: Called Strike
0-1: Called Strike
0-2: Foul Ball, location: 2F
0-2: Ground out 4-3 (Groundball, 4)
Batting: LHB Ryan Billman 0-0: Called Strike
0-1: Ground out 4-3 (Groundball, 4M)
Top of the 3rd over - 0 runs, 0 hits, 0 errors, 0 left on base; Hartford 0 - Roy 0
BOTTOM OF THE 3RD
Roy Eagle Squadron batting - Pitching for Hartford Darth Whalers : RHP Lorenzo Hernández
Batting: RHB Kevin Hale 0-0: Called Strike
0-1: Swinging Strike
0-2: Fly out, F7 (Flyball, 7S)
Batting: RHB Ed Lindsey 0-0: Ball
1-0: Called Strike
1-1: Called Strike
1-2: Fly out, F9 (Flyball, 89D)
Batting: LHB Cisco Villanueva 0-0: Foul Ball, location: 2F
0-1: Ball
1-1: SOLO HOME RUN (Flyball, 9LD), Distance : 338 ft
Batting: LHB Octávio Otero 0-0: Ball
1-0: Ball
2-0: Ball
3-0: Called Strike
3-1: Swinging Strike
3-2: Foul Ball, location: 2F
3-2: Ground out 2-3 (Groundball, 2L)
Bottom of the 3rd over - 1 run, 1 hit, 0 errors, 0 left on base; Hartford 0 - Roy 1
TOP OF THE 4TH
Hartford Darth Whalers batting - Pitching for Roy Eagle Squadron : RHP John Ashe
Batting: RHB Ryan Thrippleton 0-0: Called Strike
0-1: Swinging Strike
0-2: Ball
1-2: Foul Ball, location: 2F
1-2: Strikes out swinging
Batting: LHB Steve Woods 0-0: Ball
1-0: Called Strike
1-1: Ground out U3 (Groundball, 34)
Batting: LHB Bill Poe 0-0: Swinging Strike
0-1: Ball
1-1: Ball
2-1: Ground out 4-3 (Groundball, 4)
Top of the 4th over - 0 runs, 0 hits, 0 errors, 0 left on base; Hartford 0 - Roy 1
BOTTOM OF THE 4TH
Roy Eagle Squadron batting - Pitching for Hartford Darth Whalers : RHP Lorenzo Hernández
Batting: RHB Gabriel Byram 0-0: Ball
1-0: DOUBLE (Flyball, 89D)
Batting: LHB Larry Bradley 0-0: Ball
1-0: Ball
2-0: Ball
3-0: Base on Balls
Batting: LHB Robinson González 0-0: Ball
1-0: Called Strike
1-1: Ball
2-1: Ground out 3-1 (Groundball, 34S)
Gabriel Byram to third
Larry Bradley to second
Batting: SHB Allen King 0-0: Foul Ball, location: 2F
0-1: Fly out, F6 (Popup, 6MS)
Batting: RHB Ryan Campbell 0-0: Fly out, F8 (Flyball, 8RM)
Bottom of the 4th over - 0 runs, 1 hit, 0 errors, 2 left on base; Hartford 0 - Roy 1
TOP OF THE 5TH
Hartford Darth Whalers batting - Pitching for Roy Eagle Squadron : RHP John Ashe
Batting: LHB Timothy Pierce 0-0: Called Strike
0-1: Ball
1-1: Ball
2-1: Ball
3-1: Base on Balls
Batting: LHB Alejandro Gómez 0-0: Ball
1-0: Ball
2-0: Swinging Strike
2-1: Grounds into double play, 3-6-3 (Groundball, 3)
Batting: RHB Gilbert Nava 0-0: Ball
1-0: Swinging Strike
1-1: DOUBLE (Line Drive, 7LD)
Batting: RHB Justin López 0-0: Ball
1-0: Foul Ball, location: 2F
1-1: Fly out, F7 (Flyball, 7LS)
Top of the 5th over - 0 runs, 1 hit, 0 errors, 1 left on base; Hartford 0 - Roy 1
BOTTOM OF THE 5TH
Roy Eagle Squadron batting - Pitching for Hartford Darth Whalers : RHP Lorenzo Hernández
Batting: RHB Kevin Hale 0-0: SINGLE (Groundball, 4MD)
Batting: RHB Ed Lindsey 0-0: Foul Ball, location: 2F
0-1: SINGLE (Groundball, 34D)
Kevin Hale to second
Batting: LHB Cisco Villanueva 0-0: Called Strike
0-1: Foul Ball, location: 2F
0-2: Ball
1-2: Fly out, F4 (Popup, 34)
Batting: LHB Octávio Otero 0-0: Ball
1-0: Fielders Choice at 2nd, 4-6 (Groundball, 34)
Kevin Hale to third
Batting: RHB Gabriel Byram 0-0: Called Strike
0-1: Foul Ball, location: 2F
0-2: Ball
1-2: Foul Ball, location: 2F
1-2: Foul Ball, location: 2F
1-2: DOUBLE (Line Drive, 9LS)
Kevin Hale scores
Octávio Otero to third
Batting: LHB Larry Bradley 0-0: Called Strike
0-1: Ground out 4-3 (Groundball, 4)
Bottom of the 5th over - 1 run, 3 hits, 0 errors, 2 left on base; Hartford 0 - Roy 2
TOP OF THE 6TH
Hartford Darth Whalers batting - Pitching for Roy Eagle Squadron : RHP John Ashe
Batting: SHB Will Davies 0-0: Swinging Strike
0-1: Foul Ball, location: 2F
0-2: Ball
1-2: Ground out 4-3 (Groundball, 4)
Batting: LHB Ryan Billman 0-0: Called Strike
0-1: Ball
1-1: Foul Ball, location: 2F
1-2: Ball
2-2: Foul Ball, location: 2F
2-2: SINGLE (Groundball, 4D)
Batting: RHB Ryan Thrippleton 0-0: Ball
1-0: Fielders Choice at 2nd, 6-4 (Groundball, 6)
Batting: LHB Steve Woods 0-0: Fly out, F5 (Popup, 56)
Top of the 6th over - 0 runs, 1 hit, 0 errors, 1 left on base; Hartford 0 - Roy 2
BOTTOM OF THE 6TH
Roy Eagle Squadron batting - Pitching for Hartford Darth Whalers : RHP Lorenzo Hernández
Batting: LHB Robinson González 0-0: Ball
1-0: Called Strike
1-1: Fly out, F9 (Flyball, 9S)
Batting: SHB Allen King 0-0: Ball
1-0: Ball
2-0: Foul Ball, location: 2F
2-1: Foul Ball, location: 2F
2-2: DOUBLE (Groundball, 3L)
Batting: RHB Ryan Campbell 0-0: Ball
1-0: Ground out 6-3 (Groundball, 6)
Batting: RHB Kevin Hale 0-0: Ground out 4-3 (Groundball, 4)
Bottom of the 6th over - 0 runs, 1 hit, 0 errors, 1 left on base; Hartford 0 - Roy 2
TOP OF THE 7TH
Hartford Darth Whalers batting - Pitching for Roy Eagle Squadron : RHP John Ashe
Batting: LHB Bill Poe 0-0: Called Strike
0-1: Swinging Strike
0-2: Foul Ball, location: 2F
0-2: Ball
1-2: SINGLE (Line Drive, 9LS)
Batting: LHB Timothy Pierce 0-0: Ball
1-0: DOUBLE (Flyball, 89D)
Bill Poe to third
Runner from 3rd tries for Home, SAFE, no throw
Batting: LHB Alejandro Gómez 0-0: Ball
1-0: Ball
2-0: Ball
3-0: Base on Balls
Batting: RHB Gilbert Nava 0-0: Called Strike
0-1: Called Strike
0-2: Ball
1-2: Strikes out looking
Pinch Hitting: RHB Chester Mullins 0-0: Foul Ball, location: 2F
0-1: Ball
1-1: SINGLE (Line Drive, 6MD)
Timothy Pierce to third
Alejandro Gómez to second
Pinch Hitting: LHB César Martínez 0-0: Ball
1-0: Ball
2-0: Ball
3-0: Called Strike
3-1: Fly out, F4 (Popup, 34S)
Batting: LHB Ryan Billman 0-0: Called Strike
0-1: Fly out, F8 (Flyball, 8LD)
Top of the 7th over - 1 run, 3 hits, 0 errors, 3 left on base; Hartford 1 - Roy 2
BOTTOM OF THE 7TH
Roy Eagle Squadron batting - Pitching for Hartford Darth Whalers : RHP Lorenzo Hernández
Pitching: RHP António Gómez
Now in LF: Chester Mullins
Now in RF: César Martínez
Batting: RHB Ed Lindsey 0-0: Fly out, F7 (Flyball, 7)
Batting: LHB Cisco Villanueva 0-0: Ball
1-0: Ball
2-0: Called Strike
2-1: Ground out 4-3 (Groundball, 34)
Batting: LHB Octávio Otero 0-0: Called Strike
0-1: Called Strike
0-2: Strikes out swinging
Bottom of the 7th over - 0 runs, 0 hits, 0 errors, 0 left on base; Hartford 1 - Roy 2
TOP OF THE 8TH
Hartford Darth Whalers batting - Pitching for Roy Eagle Squadron : RHP John Ashe
Batting: RHB Ryan Thrippleton 0-0: Fly out, F3 (Popup, 23F)
Batting: LHB Steve Woods 0-0: Ball
1-0: Ball
2-0: Swinging Strike
2-1: SINGLE (Line Drive, 8LS)
Batting: LHB Bill Poe 0-0: Ball
1-0: Foul Ball, location: 2F
1-1: 2-RUN HOME RUN (Flyball, 78XD), Distance : 426 ft
Batting: LHB Timothy Pierce 0-0: Ball
1-0: Foul Ball, location: 2F
1-1: Swinging Strike
1-2: Strikes out swinging
Batting: LHB Alejandro Gómez 0-0: Ball
1-0: Ball
2-0: Called Strike
2-1: Ball
3-1: Swinging Strike
3-2: Foul Ball, location: 2F
3-2: Base on Balls
Pitching: RHP Mitch Dawson
Batting: RHB Gilbert Nava 0-0: Ball
1-0: Swinging Strike
1-1: Ball
2-1: Called Strike
2-2: Ball
3-2: Base on Balls
Alejandro Gómez to second
Pinch Hitting: LHB Todd Gilliam 0-0: Called Strike
0-1: Foul Ball, location: 2F
0-2: Ground out U3 (Groundball, 3)
Top of the 8th over - 2 runs, 2 hits, 0 errors, 2 left on base; Hartford 3 - Roy 2
BOTTOM OF THE 8TH
Roy Eagle Squadron batting - Pitching for Hartford Darth Whalers : RHP António Gómez
Now at 1B: Mark Willis
Now in LF: José Sánchez
Batting: RHB Gabriel Byram 0-0: Called Strike
0-1: Foul Ball, location: 2F
0-2: SOLO HOME RUN (Flyball, 7D), Distance : 373 ft
Pinch Hitting: RHB Enrique Soto 0-0: Fly out, F5 (Line Drive, 5)
Batting: LHB Robinson González 0-0: Ball
1-0: Called Strike
1-1: Ball
2-1: Ground out 3-1 (Groundball, 34S)
Pinch Hitting: RHB Dan Duckworth 0-0: Called Strike
0-1: Foul Ball, location: 2F
0-2: Foul Ball, location: 2F
0-2: Foul Ball, location: 2F
0-2: Foul Ball, location: 2F
0-2: Fly out, F7 (Flyball, 78D)
Bottom of the 8th over - 1 run, 1 hit, 0 errors, 0 left on base; Hartford 3 - Roy 3
TOP OF THE 9TH
Hartford Darth Whalers batting - Pitching for Roy Eagle Squadron : RHP Mitch Dawson
Pitching: RHP Danny Owen
Now at 3B: Dan Duckworth
Now in LF: Enrique Soto
Batting: LHB César Martínez 0-0: Ball
1-0: Foul Ball, location: 2F
1-1: Called Strike
1-2: Ball
2-2: Ball
3-2: Foul Ball, location: 2F
3-2: Base on Balls
Batting: LHB Ryan Billman 0-0: Ball
1-0: Foul Ball, location: 2F
1-1: Foul Ball, location: 2F
1-2: Foul Ball, location: 2F
1-2: Ball
Wild Pitch!
César Martínez to second
2-2: Ball
3-2: Intentional Walk
Batting: RHB Ryan Thrippleton 0-0: Ball
1-0: Called Strike
1-1: Ball
2-1: Called Strike
2-2: Foul Ball, location: 2F
2-2: Fly out, F6 (Popup, 6MD)
Batting: LHB Steve Woods 0-0: Ball
1-0: Foul Ball, location: 2F
1-1: Ball
2-1: Swinging Strike
2-2: Strikes out swinging
Batting: LHB Bill Poe 0-0: Ball
1-0: Called Strike
1-1: Ball
2-1: Fly out, F7 (Line Drive, 78M)
Top of the 9th over - 0 runs, 0 hits, 0 errors, 2 left on base; Hartford 3 - Roy 3
BOTTOM OF THE 9TH
Roy Eagle Squadron batting - Pitching for Hartford Darth Whalers : RHP António Gómez
Pitching: LHP Michael Young
Pinch Hitting: LHB Quinn Webb 0-0: Foul Ball, location: 2F
0-1: Foul Ball, location: 2F
0-2: Ball
1-2: Ball
2-2: Foul Ball, location: 2F
2-2: Ball
3-2: Foul Ball, location: 2F
3-2: Strikes out swinging
Batting: RHB Kevin Hale 0-0: Ball
1-0: Fly out, F5 (Popup, 56)
Batting: RHB Ed Lindsey 0-0: Ball
1-0: Foul Ball, location: 2F
1-1: Ball
2-1: SINGLE (Line Drive, 8LS)
Batting: LHB Cisco Villanueva 0-0: Ball
1-0: Called Strike
1-1: Ball
2-1: Fielders Choice at 2nd, 6-4 (Groundball, 6)
Bottom of the 9th over - 0 runs, 1 hit, 0 errors, 1 left on base; Hartford 3 - Roy 3
TOP OF THE 10TH
Hartford Darth Whalers batting - Pitching for Roy Eagle Squadron : RHP Danny Owen
Now at SS: Merlin Dobbin
Pinch Hitting: RHB Luis Manuel Miranda 0-0: Called Strike
0-1: Foul Ball, location: 2F
0-2: Strikes out swinging
Batting: LHB Alejandro Gómez 0-0: Called Strike
0-1: Ball
1-1: Ball
2-1: Called Strike
2-2: Strikes out swinging
Batting: RHB Gilbert Nava 0-0: Ball
1-0: Ball
2-0: Called Strike
2-1: Ball
3-1: Ground out 6-3 (Groundball, 6)
Top of the 10th over - 0 runs, 0 hits, 0 errors, 0 left on base; Hartford 3 - Roy 3
BOTTOM OF THE 10TH
Roy Eagle Squadron batting - Pitching for Hartford Darth Whalers : LHP Michael Young
Now at 1B: Luis Manuel Miranda
Batting: LHB Octávio Otero 0-0: Ball
1-0: Foul Ball, location: 2F
1-1: Foul Ball, location: 2F
1-2: Foul Ball, location: 2F
1-2: Ball
2-2: Foul Ball, location: 2F
2-2: Foul Ball, location: 2F
2-2: DOUBLE (Groundball, 3L)
Batting: RHB Gabriel Byram 0-0: Swinging Strike
0-1: Foul Ball, location: 2F
0-2: Strikes out swinging
Batting: RHB Enrique Soto 0-0: Intentional Walk
Batting: LHB Robinson González 0-0: Ball
Octávio Otero steals 3rd base
1-0: Ball
2-0: Ball
3-0: Base on Balls
Enrique Soto to second
Batting: RHB Dan Duckworth 0-0: DOUBLE (Flyball, 89D)
Octávio Otero scores
Saturday, December 16th, 2017 - OOTP Baseball 18.8 Build 76